AoeStats
← AiM | CyclopsTron

Oasis

507201610Analyzed
4v4 RM · 14d ago on Sep 17, 2026· 19m 20s· 8 players
Game mode
Random Map
Map size
Large (8 player)
Population
200
Speed
Normal
Resources
Standard
Victory
Conquest
Starting age
Dark Age
Ending age
Imperial Age
RankedLock teamsTeams togetherTeam positionsShared explorationLock speedFull tech treeHidden civsTurbo modeCheats
Victory
Defeat
🇲🇽 Hindustanis · Mexico
1725
+13
🇲🇽 Maya · Mexico
1709
+14
🇲🇽 Franks · Mexico
1633
+17
🇲🇽 Saracens · Mexico
1438
+24
🇵🇪 Cumans · Peru
1713
-20
🇵🇹 Ethiopians · Portugal
1701
-19
🇺🇸 Franks · United States
1600
-15
🇨🇴 Persians · Colombia
1583
-14
AttilathePun463
6:46 Loom
9:08 Feudal Age
10:10 Double-Bit Axe
16:16 Scale Barding Armor
17:49 Forging
Kold
7:28 Loom
10:29 Feudal Age
13:39 Double-Bit Axe
MZTK I Kazoo
7:06 Loom
9:19 Feudal Age
9:52 Double-Bit Axe
14:49 Bloodlines
16:10 Scale Barding Armor
18:55 Forging
noru
3:04 Loom
6:40 Loom
9:18 Feudal Age
12:36 Fletching
13:55 Padded Archer Armor
17:55 Double-Bit Axe
Sad Clown
6:07 Loom
8:45 Feudal Age
12:06 Fletching
18:46 Padded Archer Armor
Crosnay
6:20 Loom
8:39 Feudal Age
9:22 Double-Bit Axe
15:19 Scale Barding Armor
17:23 Forging
LeBotut
6:34 Loom
8:58 Feudal Age
9:37 Double-Bit Axe
13:11 Scale Barding Armor
17:24 Forging
AiM | CyclopsTron
0:26 Loom
9:49 Feudal Age
12:13 Fletching
17:56 Double-Bit Axe
Connection lost

Rejoining the realm…

Still unreachable

The connection could not be restored.

Session expired

The server has moved on; the page needs a fresh start.